 Dungeon Crawl Stone Soup version 0.17-a0-2007-g96ac4c4 (webtiles) character file.

441 Mordenkainen the Skirmisher (level 6, -2/85 HPs)
             Began as a Minotaur Berserker on Oct 9, 2015.
             Was an Elder of Trog.
             Slain by a river rat (5 damage)
             ... in a sewer.
             The game lasted 00:07:07 (2481 turns).

Mordenkainen the Skirmisher (Minotaur Berserker)    Turns: 2481, Time: 00:07:08

Health: -2/85      AC:  2    Str: 29    XL:     6   Next: 71%
Magic:  5/5        EV: 13    Int:  4    God:    Trog [****..]
Gold:   95         SH:  0    Dex:  9    Spells: 0 memorised, 5 levels left

rFire  . . .     SeeInvis .     a - +0 falchion
rCold  . . .     Clarity  .     b - +0 animal skin
rNeg   . . .     SustAt   .     (no shield)
rPois  .         Gourm    .     (helmet restricted)
rElec  .         Spirit   .     (no cloak)
rCorr  .         Warding  .     (no gloves)
rMut   .         Stasis   .     (no boots)
MR     ++...                    (no amulet)
Stlth  ..........               (no ring)
                                (no ring)

@: berserking, lethally poisoned (-2 -> -2), regenerating, very quick, very
resistant to hostile enchantments, extremely unstealthy
A: retaliatory headbutt, horns 2
a: Burn Spellbooks, Berserk, Trog's Hand, Brothers in Arms, Renounce Religion


You were in a sewer.
You worshipped Trog.
Trog was greatly pleased with you.
You were not hungry.

You visited 1 branch of the dungeon, and saw 3 of its levels.
You also visited: Sewer.

You collected 95 gold pieces.

Inventory:

Hand Weapons
 a - a +0 falchion (weapon)
Armour
 b - a +0 animal skin (worn)
Jewellery
 m - a +4 ring of protection {unknown}
Wands
 k - a wand of polymorph (15)
Scrolls
 e - 2 scrolls of remove curse
 g - 4 scrolls of identify {unknown}
 h - 2 scrolls of teleportation {unknown}
 i - 2 scrolls of enchant weapon {unknown}
 j - a scroll of fog {unknown}
 n - a scroll of noise {unknown}
 r - a scroll of immolation {unknown}
Potions
 l - a potion of heal wounds
 s - a potion of curing
Books
 p - a book of Conjurations

   Spells                             Type                      Level
   a - Magic Dart                     Conjuration                  1
   b - Searing Ray                    Conjuration                  2
   c - Dazzling Spray                 Conjuration/Hexes            3
   d - Fulminant Prism                Conjuration/Hexes            4
   e - Iskenderun's Mystic Blast      Conjuration                  4
   f - Iskenderun's Battlesphere      Conjuration/Charms           5
   Trog disapproves of the use of such an item.
Comestibles
 c - a bread ration
 d - a beef jerky
 f - 2 meat rations
 o - 4 chunks of flesh
 q - a royal jelly


   Skills:
 * Level 5.7 Fighting
 * Level 5.6 Long Blades
 * Level 4.6 Armour
 * Level 4.1 Dodging


You had 5 spell levels left.
You didn't know any spells.

Dungeon Overview and Level Annotations

Branches:
Dungeon (3/15)

Altars:
Dithmenos
Sif Muna


Innate Abilities, Weirdness & Mutations

You reflexively headbutt those who attack you in melee.
You have a pair of horns on your head.


Message History

The adder closely misses you. The adder misses you.
The river rat twitches its whiskers.
The river rat closely misses you.
Unknown command.
You closely miss the adder. You headbutt the adder.
You kill the adder!
Trog accepts your kill. The adder barely misses you. The river rat bites you.
* * * LOW HITPOINT WARNING * * *
Unknown command.
You closely miss the adder. You headbutt the adder.
The adder is moderately wounded.
You feel sick. The adder bites you but does no damage. The river rat bites you.
* * * LOW HITPOINT WARNING * * *
The rat twitches its whiskers.
Unknown command.
You completely miss the adder.
The adder is moderately wounded.
The adder closely misses you. The river rat bites you.
You die...

##### ##### #∩..## ##### ####
##...######..#####..∩# ##
###..###.....†#####..##...######.
#....(.......†..##.......#####...
#.........................##.....
)................................
#≈≈≈≈≈..≈........................
#≈≈≈≈≈≈≈≈.≈.≈...@.....≈.≈≈.≈.....
#≈≈≈≈≈≈≈≈≈≈≈≈≈.rrSr...≈≈≈≈≈≈≈≈≈≈≈
#≈≈≈≈≈≈≈≈≈≈≈≈≈≈...r≈.≈≈≈≈≈≈≈≈≈≈≈≈
≈≈≈≈≈≈≈≈≈≈≈≈≈≈≈≈rr≈r≈≈≈≈≈≈≈≈≈≈≈≈≈
#≈≈≈≈≈≈≈≈≈≈≈≈≈≈r≈≈r≈≈≈≈≈≈≈≈≈≈≈≈≈≈
≈≈≈≈≈≈≈≈≈≈≈rr.≈rr≈.≈....≈≈≈≈≈≈≈≈≈
≈≈≈≈≈≈≈.≈≈............≈
#≈≈....##......... .....# #......


You could see an adder, 3 river rats and 10 rats.

Vanquished Creatures
  Sigmund (D:3)
  A big kobold (Sewer)
  Jessica (D:3)
  Terence (D:3)
  5 adders
  A river rat (Sewer)
  An ooze (D:2)
  A worm (D:2)
  6 giant geckos
  6 orcs (D:3)
  6 giant cockroaches
  10 goblins
  8 hobgoblins
  7 jackals (D:2)
  A ball python (Sewer)
  4 bats
  3 giant newts
  15 kobolds
  14 rats
92 creatures vanquished.

Notes
Turn   | Place    | Note
--------------------------------------------------------------
     0 | D:1      | Mordenkainen the Minotaur Berserker began the quest for the Orb.
     0 | D:1      | Reached XP level 1. HP: 19/19 MP: 0/0
   142 | D:1      | Reached XP level 2. HP: 16/27 MP: 1/1
   180 | D:1      | Reached skill level 4 in Fighting
   567 | D:2      | Acquired Trog's second power
   851 | D:2      | Reached XP level 3. HP: 18/33 MP: 2/2
  1071 | D:2      | Found a shadowy altar of Dithmenos.
  1386 | D:2      | Reached XP level 4. HP: 34/41 MP: 3/3
  1976 | D:3      | Noticed Jessica
  1987 | D:3      | Killed Jessica
  2161 | D:3      | Noticed Sigmund
  2174 | D:3      | Killed Sigmund
  2174 | D:3      | Reached skill level 5 in Fighting
  2174 | D:3      | Reached skill level 5 in Long Blades
  2174 | D:3      | Reached XP level 5. HP: 10/48 MP: 4/4
  2174 | D:3      | Reached XP level 6. HP: 11/56 MP: 5/5
  2175 | D:3      | Found a deep blue altar of Sif Muna.
  2178 | D:3      | Noticed Terence
  2192 | D:3      | Killed Terence
  2299 | D:3      | Found a glowing drain.
  2303 | Sewer    | Entered a sewer
  2431 | Sewer    | Acquired Trog's third power
  2480 | Sewer    | HP: 3/85 [river rat (4)]
  2481 | Sewer    | Slain by a river rat

Vault maps used:
D:1:      dpeg_arrival_fog
D:2:      lemuel_doored_altar
D:3:      overflow_temple_1_default, gup_sewer_entry_spiral, first_bread,
          nrook_mini_backslash, uniq_sigmund, uniq_jessica, uniq_terence
Sewer:    sewer_minmay_treatment

Action                   |  1- 3 |  4- 6 || total
-------------------------+-------+-------++-------
Melee: Falchion          |    76 |   135 ||   211
       Unarmed           |       |     1 ||     1
Invok: Berserk           |       |     3 ||     3
       Trog's Hand       |       |     3 ||     3
  Use: Scroll            |       |     1 ||     1
       Potion            |       |     2 ||     2
 Stab: Sleeping          |     2 |       ||     2
  Eat: Chunk             |     1 |     7 ||     8
